Map: [ESL] Blackburn

Players

Creator - Winner!

  • Race: Protoss Protoss

Astrea

  • Race: Protoss Protoss

Event: IEM Katowice 2022

VOD

Have the link to the VOD?

Description

Time

  • Played on: Feb. 23, 2022, 6:34 a.m.
  • Length: 10:40

All games in this series

Show
View Real Time Build Order
Export as new Build Order

Creator Protoss - Winner!

Build Orders: Oracle Opening, Blink Stalkers, Zealot Archon 

Get SALT Encoding   

  12  0:00  Probe  
  13  0:12  Probe  
  14  0:19  Pylon  
  14  0:24  Probe  
  15  0:37  Probe (Chrono Boost)  
  15  0:38  Gateway  
  16  0:47  Assimilator, Probe (Chrono Boost)  
  17  0:52  Probe (Chrono Boost)  
  18  0:59  Assimilator  
  18  1:04  Probe (Chrono Boost)  
  19  1:08  Pylon  
  19  1:15  Probe (Chrono Boost)  
  20  1:20  Probe (Chrono Boost)  
  21  1:28  Cybernetics Core  
  21  1:30  Probe  
  22  1:33  Zealot  
  24  1:42  Probe  
  25  1:54  Probe  
  26  2:01  Pylon  
  26  2:05  Stargate  
  26  2:13  Pylon  
  26  2:24  Nexus  
  26  2:26  Probe  
  27  2:37  Warp Gate  
  27  2:38  Probe  
  27  2:39  Pylon  
  28  2:45  Oracle (Chrono Boost)  
  31  2:57  Probe  
  32  3:04  Twilight Council  
  31  3:09  Probe  
  32  3:13  Oracle (Chrono Boost)  
  35  3:21  Probe  
  35  3:23  Shield Battery  
  37  3:36  Probe (Chrono Boost)  
  37  3:38  Probe (Chrono Boost)  
  38  3:41  Blink (Chrono Boost)  
  38  3:45  Probe (Chrono Boost)  
  38  3:48  Probe (Chrono Boost)  
  40  3:50  Probe (Chrono Boost)  
  41  3:57  Probe  
  41  4:01  Gateway  
  41  4:02  Probe  
  43  4:05  Gateway  
  43  4:10  Probe  
  43  4:14  Probe  
  45  4:22  Probe  
  46  4:25  Sentry  
  46  4:26  Forge, Probe  
  46  4:28  Pylon  
  49  4:34  Probe  
  50  4:38  Probe  
  50  4:39  Assimilator  
  50  4:44  Pylon  
  51  4:46  Probe  
  51  4:52  Nexus, Probe  
  53  4:56  Stalker, Protoss Ground Weapons Level 1 (Chrono Boost)  
  53  4:59  Probe  
  56  5:04  Probe  
  56  5:05  Pylon  
  57  5:08  Stalker  
  57  5:11  Probe  
  60  5:15  Pylon  
  60  5:16  Probe  
  60  5:18  Sentry  
  60  5:20  Stalker  
  65  5:26  Robotics Facility  
  65  5:29  Probe  
  65  5:30  Probe  
  67  5:41  Probe  
  67  5:42  Probe  
  69  5:44  Stalker x2  
  69  5:45  Stalker  
  69  5:49  Shield Battery  
  75  5:53  Probe  
  75  5:54  Probe  
  77  6:10  Stalker x2  
  77  6:11  Stalker  
  83  6:16  Probe x3  
  86  6:19  Observer (Chrono Boost)  
  87  6:28  Probe x2  
  87  6:29  Probe  
  87  6:31  Assimilator, Charge  
  87  6:32  Pylon, Assimilator  
  90  6:33  Observer (Chrono Boost)  
  90  6:35  Gateway  
  90  6:36  Gateway  
  91  6:40  Probe x2  
  91  6:41  Probe, Phoenix  
  91  6:44  Assimilator  
  94  6:51  Immortal (Chrono Boost)  
  94  6:53  Gateway  
  98  6:56  Probe x2, Protoss Ground Weapons Level 2 (Chrono Boost)  
  98  6:57  Gateway, Probe  
  98  6:58  Gateway  
  101  7:01  Pylon  
  101  7:05  Zealot x2  
  105  7:11  Pylon  
  105  7:13  Pylon  
  105  7:15  Templar Archives  
  105  7:23  Immortal (Chrono Boost)  
  105  7:24  Zealot  
  111  7:35  Nexus  
  111  7:38  Pylon  
  111  7:49  Stalker  
  113  7:51  Zealot  
  113  7:52  High Templar x2, Zealot x2  
  113  7:53  Warp Prism (Chrono Boost)  
  113  7:56  Photon Cannon  
  113  7:58  Archon  
  127  8:02  High Templar x2  
  129  8:06  Photon Cannon  
  129  8:07  Archon  
  129  8:08  Photon Cannon  
  129  8:14  Zealot x4  
  137  8:23  Observer  
  135  8:38  Stalker x4  
  140  8:44  Immortal  
  140  8:45  Pylon  
  140  8:46  Photon Cannon  
  140  8:51  High Templar  
  140  8:52  High Templar, Zealot  
  140  8:54  Stargate  
  150  8:57  Archon  
  150  9:02  Zealot x4  
  156  9:06  Stalker  
  160  9:13  Stalker  
  162  9:23  Stalker x3  
  162  9:32  Pylon  
  162  9:33  Pylon x2  
  159  9:47  Nexus  
  159  10:04  Observer (Chrono Boost)  
  147  10:16  Stalker x6  
  147  10:19  Zealot x2  
  155  10:22  Observer (Chrono Boost)  
  136  10:40  Stalker x4  
Show
View Real Time Build Order
Export as new Build Order

Astrea Protoss 

Build Orders: Phoenix Opening, Blink Stalkers 

Get SALT Encoding   

  12  0:00  Probe  
  13  0:12  Probe  
  14  0:18  Pylon  
  14  0:24  Probe  
  15  0:36  Probe (Chrono Boost)  
  15  0:38  Gateway  
  16  0:45  Probe (Chrono Boost)  
  16  0:46  Assimilator  
  17  0:50  Probe (Chrono Boost)  
  17  0:56  Assimilator  
  18  1:03  Probe (Chrono Boost)  
  19  1:05  Pylon  
  19  1:13  Probe (Chrono Boost)  
  19  1:17  Probe (Chrono Boost)  
  21  1:25  Cybernetics Core  
  21  1:29  Probe  
  21  1:32  Zealot  
  24  1:41  Probe  
  25  1:53  Probe  
  25  1:54  Warp Gate  
  26  2:05  Probe  
  27  2:11  Sentry  
  29  2:17  Probe  
  29  2:19  Pylon  
  30  2:25  Nexus  
  30  2:29  Probe  
  30  2:37  Stalker  
  30  2:42  Probe  
  33  2:45  Phoenix  
  33  2:49  Gateway  
  33  2:54  Probe  
  34  3:05  Twilight Council, Shield Battery  
  34  3:07  Probe  
  34  3:11  Stalker (Chrono Boost)  
  35  3:19  Probe  
  37  3:34  Probe (Chrono Boost)  
  37  3:37  Probe (Chrono Boost)  
  38  3:43  Stalker  
  38  3:44  Stalker, Blink (Chrono Boost)  
  38  3:46  Probe (Chrono Boost)  
  38  3:48  Probe (Chrono Boost)  
  44  3:51  Probe (Chrono Boost)  
  45  3:55  Probe  
  45  3:57  Pylon  
  46  4:03  Probe  
  46  4:06  Stalker  
  46  4:08  Stalker  
  48  4:11  Probe  
  48  4:16  Probe  
  50  4:21  Phoenix  
  50  4:23  Probe  
  51  4:30  Nexus  
  51  4:32  Probe  
  51  4:36  Probe  
  53  4:42  Adept x2  
  53  4:44  Probe  
  58  4:48  Robotics Facility  
  58  4:50  Probe  
  58  4:56  Probe  
  58  4:58  Pylon, Assimilator  
  59  5:03  Probe  
  59  5:07  Pylon  
  60  5:08  Probe  
  61  5:16  Probe  
  61  5:18  Stalker x2  
  66  5:22  Probe  
  66  5:25  Shield Battery  
  66  5:28  Pylon, Probe  
  67  5:34  Immortal (Chrono Boost)  
  68  5:37  Probe  
  68  5:40  Probe  
  74  5:46  Probe  
  74  5:47  Stalker  
  74  5:48  Stalker  
  79  5:50  Probe  
  79  5:53  Probe  
  81  6:02  Probe x2  
  83  6:05  Probe, Observer  
  85  6:13  Stalker x2  
  85  6:14  Probe  
  85  6:15  Probe  
  85  6:18  Pylon, Probe (Chrono Boost)  
  92  6:21  Pylon  
  86  6:26  Probe (Chrono Boost)  
  91  6:33  Forge, Probe (Chrono Boost)  
  91  6:35  Probe (Chrono Boost)  
  91  6:36  Probe (Chrono Boost)  
  91  6:39  Gateway  
  89  6:40  Gateway, Probe (Chrono Boost), Charge  
  89  6:41  Probe (Chrono Boost)  
  89  6:43  Probe  
  89  6:45  Gateway  
  91  6:47  Gateway  
  91  6:51  Probe  
  91  6:53  Probe  
  93  6:56  Observer  
  93  7:00  Assimilator, Protoss Ground Weapons Level 1 (Chrono Boost)  
  93  7:01  Pylon  
  93  7:05  Stalker x2  
  93  7:08  Photon Cannon  
  97  7:11  Dark Shrine  
  97  7:16  Observer (Chrono Boost)  
  97  7:20  Probe  
  97  7:22  Pylon  
  99  7:23  Nexus  
  99  7:35  Probe  
  99  7:36  Probe  
  99  7:38  Stalker x4  
  99  7:42  Probe  
  108  7:49  Stalker x2  
  108  7:51  Probe x2  
  114  7:55  Probe  
  114  7:57  Pylon  
  114  7:58  Pylon  
  115  8:06  Assimilator  
  115  8:09  Stalker x4  
  115  8:11  Photon Cannon  
  123  8:13  Shield Battery  
  123  8:17  Probe x2  
  123  8:25  Stalker  
  123  8:26  Stalker  
  118  8:29  Observer  
  118  8:32  Probe x3  
  106  8:36  Shadow Stride (Chrono Boost)  
  106  8:40  Stalker x3  
  110  8:43  Stalker  
  110  8:45  Probe  
  110  8:47  Probe  
  114  8:49  Probe (Chrono Boost)  
  114  8:52  Probe (Chrono Boost)  
  116  8:59  Probe (Chrono Boost)  
  116  9:01  Probe (Chrono Boost)  
  116  9:02  Probe (Chrono Boost)  
  120  9:04  Probe (Chrono Boost), Observer  
  120  9:09  Dark Templar x2  
  126  9:10  Dark Templar  
  126  9:11  Probe x4 (Chrono Boost)  
  106  9:32  Stalker x3  
  112  9:44  Stalker x2  
  89  9:55  Stalker x3  
  89  9:58  Probe x3  
  94  10:10  Probe  
  94  10:14  Zealot, Dark Templar  
  90  10:20  Probe x2  
  85  10:22  Probe  

Tags
 
Add a new tag
Caveats
  • Supply blocks, unpowered buildings, or Contaminate may cause inaccurate times.
  • Supply counts are checked every 10 seconds.